 Dungeon Crawl Stone Soup version 0.29-a0-67-g1d65ae1bb4 (webtiles) character file.

Game seed: 4482752322368198356

70 Bosse the Skirmisher (level 4, -5/35 HPs)
             Began as a Demonspawn Abyssal Knight on Feb 3, 2022.
             Was a Follower of Lugonu.
             Killed by divine providence
             ... invoked by an orc priest
              (13 damage)
             ... on level 3 of the Dungeon.
             The game lasted 00:05:54 (2851 turns).

Bosse the Skirmisher (Demonspawn Abyssal Knight)    Turns: 2851, Time: 00:05:55

Health: -5/35      AC:  6    Str: 15    XL:     4   Next: 3%
Magic:  5/5        EV: 12    Int: 11    God:    Lugonu [*.....]
Gold:   56         SH:  0    Dex: 14    Spells: 3/3 levels left

rFire   + . .      SeeInvis .   e - +0 war axe
rCold   . . .      Faith    .   (no shield)
rNeg    + . .      Spirit   .   m - +1 leather armour {rN+}
rPois   .          Reflect  .   (no helmet)
rElec   .          Harm     .   h - +0 cloak
rCorr   .          Rampage  .   (no gloves)
Will    .....                   f - +0 pair of boots
Stlth   +.........              (no amulet)
HPRegen 0.11/turn               d - ring of protection from fire
MPRegen 0.09/turn               (no ring)

@: confused
A: condensation shield, demonic touch 1
a: Renounce Religion, Depart the Abyss


You were on level 3 of the Dungeon.
You worshipped Lugonu.
Lugonu was aware of your devotion.
You visited 1 branch of the dungeon, and saw 3 of its levels.
You visited the Abyss 1 time.

You collected 56 gold pieces.

Inventory:

Hand Weapons
 a - a +1 hand axe
 e - a +0 war axe (weapon)
Armour
 b - a +0 leather armour
 f - a +0 pair of boots (worn)
 h - a +0 cloak (worn)
 m - a +1 leather armour of positive energy (worn)
Jewellery
 d - a ring of protection from fire (left hand)
 n - an amulet of guardian spirit
Scrolls
 c - 3 scrolls of identify
 g - a scroll of fear
 l - a scroll of holy word {unknown}
 o - a scroll of teleportation
Potions
 i - a potion of curing {unknown}
 j - a potion of ambrosia {unknown}
 k - a potion of degeneration {unknown}


   Skills:
 - Level 3.0 Fighting
 + Level 2.6 Axes
 - Level 1.8 Armour
 * Level 2.8 Dodging
 - Level 2.5 Invocations


You had 3 spell levels left.
You didn't know any spells.
Your spell library contained the following spells:

 Spells                   Type           Power      Damage    Failure   Level
 Magic Dart               Conj           0%         1d3       41%         1
 Call Imp                 Summ           0%         N/A       54%         2
 Mephitic Cloud           Conj/Pois/Air  0%         N/A       78%         3


Dungeon Overview and Level Annotations

Branches:
Dungeon (3/15)

Altars:


Innate Abilities, Weirdness & Mutations

A meltable shield of frost defends you. (SH +4)
Your touch may inflict minor irresistible damage on your foes.


Message History

The orc is severely wounded.
The orc closely misses you.
You hit the orc.
You kill the orc!
Lugonu accepts your kill.
You hit something but do no damage. Your touch misses something.
Something hits you but does no damage. Something hits you.
You miss something. Something hits you. Something hits you but does no damage.
You miss something. Your touch misses something.
You hear some strange, mumbled words.
A magic dart appears from out of thin air!
The magic dart hits you.
You hit something. Your touch misses something.
Something hits you but does no damage. x2
You slash something!
You touch something.
You hear some strange, mumbled words.
You are confused.
The orc priest looks satisfied for a moment.
Something hits you but does no damage.
You bump into the rock wall.
You hear some strange, mumbled words.
Something tries to affect you, but you resist.
You bump into the rock wall.
Something hits you.
You closely miss something. Something hits you. x2
You hear some strange, mumbled words.
You are more confused.
You hit something. Your touch misses something.
You hear some strange, mumbled words.
A magic dart appears from out of thin air!
The magic dart hits you.
* * * LOW HITPOINT WARNING * * *
You bump into the rock wall.
You hear some strange, mumbled words.
A magic dart appears from out of thin air!
The magic dart hits you.
* * * LOW HITPOINT WARNING * * *
You completely miss something. Something hits you but does no damage.
The orc priest calls down the wrath of Beogh upon you.
Beogh smites you!
You die...

###########
#.........# ##
#.........# ..
#.........# #.
#.........#
#.........###########
#...................#
#.#
#####.#############.#
..# #@# #.# ### #{#
#.# #J# #.# #{# #.#
#g# #.#


.oo #.# ... ####.# ... ..##.# ..... #.##.# You could see an orc priest, an orc,
an endoplasm and a goblin.

Vanquished Creatures
  2 adders (D:2)
  A dart slug (D:2)
  2 orcs (D:3)
  7 ball pythons
  3 endoplasms (D:1)
  2 giant cockroaches (D:2)
  3 goblins (D:2)
  6 hobgoblins
  2 jackals (D:1)
  6 kobolds
  2 quokkas (D:2)
  A frilled lizard (D:1)
  4 rats
41 creatures vanquished.

Vanquished Creatures (others)
  3 starspawn tentacles (Abyss:1)
3 creatures vanquished.

Grand Total: 44 creatures vanquished

Notes
Turn   | Place    | Note
-------+----------+-------------------------------------------
     0 | Abyss:1  | Bosse the Demonspawn Abyssal Knight began the quest for the
                  | Orb.
     0 | Abyss:1  | Reached XP level 1. HP: 18/18 MP: 2/2
    57 | Abyss:1  | Found a corrupted altar of Lugonu.
    69 | Abyss:1  | Noticed a tentacled starspawn
    82 | Abyss:1  | Noticed a small abomination
    93 | D:1      | Escaped the Abyss
   225 | D:1      | Reached skill level 1 in Dodging
   500 | D:1      | Gained mutation: Your touch may inflict minor irresistible
                  | damage on your foes. [demonic ancestry]
   500 | D:1      | Reached XP level 2. HP: 14/24 MP: 3/3
   642 | D:1      | Reached * piety under Lugonu
  1216 | D:2      | Reached XP level 3. HP: 29/29 MP: 4/4
  2614 | D:3      | Gained mutation: A meltable shield of frost defends you.
                  | (SH +4) [demonic ancestry]
  2614 | D:3      | Reached XP level 4. HP: 35/35 MP: 5/5
  2851 | D:3      | Killed from afar by an orc priest

Illustrated notes

Levels and vault maps discovered:
D:1:      dpeg_arrival_erosion, layout_loops_cross
D:2:      layout_basic, amcnicky_mini_rare_corridor_liquid, minmay_hexomino_u4
D:3:      layout_basic, minmay_misc_feat_doors

Skill      XL: |  1  2 |
---------------+-------+-----
Dodging        | 1 2 |  2.8
Axes           | 2 |  2.6
Fighting       | |  3.0
Armour         | |  1.8
Invocations    | |  2.5

Action                   |  1- 3 |  4- 6 || total
-------------------------+-------+-------++-------
Melee: Hand axe          |    35 |       ||    35
       War axe           |    66 |    14 ||    80
       Touch             |    12 |     2 ||    14
Invok: Depart the Abyss  |     1 |       ||     1
  Use: Scroll            |     3 |       ||     3
Armor: Leather armour    |    41 |     6 ||    47
Dodge: Dodged            |    79 |     4 ||    83

Table legend: (Time is in decaauts)
 A = Elapsed time spent in this place.
 B = Non-inter-level travel time spent in this place.
 C = Inter-level travel time spent in this place.
 D = Time resting spent in this place.
 E = Time spent auto-exploring this place.
 F = Levels seen in this place.
 G = Mean time per level.
                   A        B        C        D        E       F      G
               +--------+--------+--------+--------+--------+-----+--------+
         Total |   2886 |   2819 |     67 |      0 |   2436 |   4 |  721.5 |
       Dungeon |   2793 |   2726 |     67 |      0 |   2368 |   3 |  931.0 |
         Abyss |     93 |     93 |      0 |      0 |     68 |   1 |   93.0 |
               +--------+--------+--------+--------+--------+-----+--------+

Top non-repeatable levels by time:
     D:2: 1487 daAuts
     D:1: 905 daAuts
     D:3: 400 daAuts
 Abyss:1: 93 daAuts
